 Dungeon Crawl Stone Soup version 0.24-a0-201-gf205589 (webtiles) character file.

Game seed: 14539927746075690636

113 RoseArtemis the Vandal (level 5, -3/35 HPs)
             Began as a Halfling Hunter on Mar 20, 2019.
             Killed by divine providence
             ... invoked by an orc priest
              (9 damage)
             ... on level 3 of the Dungeon.
             The game lasted 00:05:42 (1771 turns).

RoseArtemis the Vandal (Halfling Hunter)            Turns: 1771, Time: 00:05:42

Health: -3/35      AC:  9    Str: 14    XL:     5   Next: 17%
Magic:  5/5        EV:  8    Int:  9    God:
Gold:   137        SH:  6    Dex: 15    Spells: 4/4 levels left

rFire    . . .     SeeInvis .   a - +1 hunting sling
rCold    . . .     Gourm    .   r - +1 buckler
rNeg     . . .     Faith    .   k - +0 chain mail
rPois    .         Spirit   .   o - +0 helmet
rElec    .         Reflect  .   (no cloak)
rCorr    +         Harm     .   (no gloves)
MR       .....                  (no boots)
Stlth    ..........             (no amulet)
HPRegen  0.11/turn              l - ring of resist corrosion
MPRegen  0.09/turn              (no ring)

@: no status effects
A: small, mutation resistance 1
a: no special abilities


You were on level 3 of the Dungeon.
You were not hungry.

You visited 1 branch of the dungeon, and saw 3 of its levels.

You collected 137 gold pieces.

Inventory:

Hand Weapons
 a - a +1 hunting sling (weapon)
 b - a +0 short sword
Missiles
 d - 20 sling bullets
 e - 121 stones (quivered)
Armour
 k - a +0 chain mail (worn)
 o - a +0 helmet (worn)
 r - a +1 buckler (worn)
Jewellery
 l - a ring of resist corrosion (left hand)
Scrolls
 c - a scroll of blinking {unknown}
 h - a scroll of enchant armour
 m - a scroll of remove curse
 p - 2 scrolls of amnesia {unknown}
 t - 3 scrolls of random uselessness {unknown}
Potions
 i - a potion of haste {unknown}
 j - a potion of mutation
 n - a potion of invisibility {unknown}
 q - a potion of brilliance {unknown}
 s - a potion of cancellation {unknown}
Comestibles
 f - 5 rations
 g - a chunk of flesh


   Skills:
 + Level 2.4 Fighting
 * Level 7.1 Slings
 + Level 3.0 Dodging
 + Level 2.4 Stealth
 * Level 1.1 Shields


You had 4 spell levels left.
You didn't know any spells.
Your spell library was empty.

Dungeon Overview and Level Annotations

Branches:
Dungeon (3/15)

Altars:
Ashenzari
Makhleb


Innate Abilities, Weirdness & Mutations

You are small and have problems with some larger weapons.
You are somewhat resistant to further mutation.


Message History

* * * LOW HITPOINT WARNING * * *
Firing (i - inventory. (/) - cycle)
e - 124 stones (quivered)
Aim: an orc priest, wielding a +0 war axe and wearing a +0 leather armour (lightly wounded)
Okay, then.
Okay, then.
Okay, then.
Firing (i - inventory. (/) - cycle)
e - 124 stones (quivered)
Aim: an orc priest, wielding a +0 war axe and wearing a +0 leather armour (lightly wounded)
You shoot a stone.
The stone closely misses the orc priest.
Firing (i - inventory. (/) - cycle)
e - 123 stones (quivered)
Aim: an orc priest, wielding a +0 war axe and wearing a +0 leather armour (lightly wounded)
You shoot a stone.
The stone hits the orc priest but does no damage.
Firing (i - inventory. (/) - cycle)
e - 122 stones (quivered)
Aim: an orc priest, wielding a +0 war axe and wearing a +0 leather armour (lightly wounded)
You shoot a stone. The stone hits the orc priest!
The orc priest calls down the wrath of Beogh upon you.
Beogh smites you!
You die...

(###.##.#+###
#(...((...........
#$.(.............g
######(((.(...((.......
.......((.....(.......
#....(r(.# #.........
#...o....# #.#.##.###
#........# #. #..#
#...@....# #.###.##
###+#..#.# #......#
####.#..#.# ######.#
.(..#..#.# #..
#####..#..#.# #..
.......#<.#.# ## #..
##...#.#.# .... #.#
#......#.#..... ....
######....##..............


You could see an orc priest and a quokka.

Vanquished Creatures
  A hound (D:2)
  2 oozes
  A dart slug (D:3)
  2 leopard geckos
  3 orcs (D:3)
  12 bats
  2 giant cockroaches (D:2)
  7 goblins
  8 hobgoblins
  6 jackals
  A quokka (D:2)
  2 ball pythons (D:2)
  A frilled lizard (D:2)
  9 kobolds
  5 rats
62 creatures vanquished.

Vanquished Creatures (others)
  5 toadstools (D:1)
5 creatures vanquished.

Grand Total: 67 creatures vanquished

Notes
Turn   | Place    | Note
-------+----------+-------------------------------------------
     0 | D:1      | RoseArtemis the Halfling Hunter began the quest for the
                  | Orb.
     0 | D:1      | Reached XP level 1. HP: 14/14 MP: 1/1
    69 | D:1      | Reached skill level 6 in Slings
   127 | D:1      | Reached XP level 2. HP: 19/19 MP: 2/2
   347 | D:1      | Reached XP level 3. HP: 24/24 MP: 3/3
   786 | D:2      | Reached XP level 4. HP: 26/29 MP: 4/4
   788 | D:2      | Found a shattered altar of Ashenzari.
  1197 | D:2      | Found a burning altar of Makhleb.
  1207 | D:2      | Reached skill level 7 in Slings
  1367 | D:3      | Reached XP level 5. HP: 35/35 MP: 5/5
  1463 | D:3      | Reached skill level 1 in Shields
  1771 | D:3      | Killed from afar by an orc priest

Levels and vault maps discovered:
D:1:      ldierk_walled_garden, layout_loops_ring, minmay_circled_x
D:2:      layout_rooms, makhleb_blood_cavern_becter,
          ashenzari_conservatory_becter, first_ration
D:3:      layout_basic, uniq_robin

Skill      XL: |  1  2  3  4  5 |
---------------+----------------+-----
Slings         | 6 7 |  7.1
Fighting       | 2 |  2.4
Stealth        | 2 |  2.4
Shields        | 1 |  1.1
Dodging        | 3 |  3.0

Action                   |  1- 3 |  4- 6 || total
-------------------------+-------+-------++-------
 Fire: Hunting sling     |   101 |    90 ||   191
  Use: Scroll            |       |     4 ||     4
  Eat: Chunk             |       |     2 ||     2
Armor: Leather armour    |     4 |       ||     4
       Chain mail        |    17 |    13 ||    30
Dodge: Dodged            |    23 |    10 ||    33
Block: Buckler           |       |     6 ||     6

Table legend:
 A = Non-vault XP
 B = Vault XP
 C = Vault XP percentage of total XP
 D = Non-vault monster count
 E = Vault monster count
 F = Vault count percentage of total count
                 A         B        C        D         E       F
            +---------+---------+-------+---------+---------+-------
      Total |     112 |      50 |  30.9 |      57 |       5 |   8.1
            +---------+---------+-------+---------+---------+-------
        D:1 |      37 |       7 |  15.9 |      19 |       4 |  17.4
        D:2 |      50 |      43 |  46.2 |      25 |       1 |   3.8
        D:3 |      25 |       0 |   0.0 |      13 |       0 |   0.0
            +---------+---------+-------+---------+---------+-------
